[Event "*** Titled Tuesday Blitz"]
[Site "Chess.com"]
[Date "2018.06.05"]
[Round "5"]
[White "Hollywood_Chess"]
[Black "Supernotar"]
[Result "0-1"]
[WhiteElo "2220"]
[BlackElo "2427"]
[TimeControl "180+2"]
[EndTime "14:14:43 PDT"]
[Termination "Supernotar won by resignation"]

1. d4 d5 2. c4 dxc4 3. Nf3 Nf6 4.
e3 e6 5. Bxc4 a6 6. a4 c5 7. O-O Nc6 8. Nc3 cxd4 9. exd4 Nb4 10. Bg5 Be7 11. Qe2 O-O 12. Rad1 Nfd5 13. Bxe7 Nxe7 14.
Ne5 Nbd5 15. Bxd5 Nxd5 16. Ne4 b6 17. Qh5 Nf6 18. Nxf6+ Qxf6 19. Rd3 g6 20. Qh6 Qg7 21. Qh4 f6 22. Nc4 b5 23. axb5 axb5 24. Nb6 Rb8 25.
Nxc8 Rfxc8 26. d5 exd5 27. Rxd5 Rd8 28. Qd4 Qe7 29. Rd1 Rxd5 30. Qxd5+ Kg7 31. h3 Rb7 32. Qc6 b4 33. Rd6 Qe1+ 34. Kh2 Re7 35. Qf3 Qe5+ 36. Qg3 Qxb2 37. Rb6 Qd4 38. Rb8 Qc4 39.
Qg4 Qc7+ 40. Qg3 Qc4 41. Qg4 Qxg4 42. hxg4 Re4 43. Rb7+ Kh6 44. Kg3 Rc4 45. f3 f5 46.
gxf5 gxf5 47. Rb6+ Kg5 48. Rb7 f4+ 49. Kh3 h6 50.
Rb5+ Kg6 51. Kg4 Kf6 52. Rb6+ Ke5 53. Rxh6 Kd4 54. Rb6 Kc3 55. g3 fxg3+ 56. Kxg3 b3 57. f4 b2 58. Rxb2 Kxb2 59. Kg4 Kc3 60. Kg5 Kd4 61.
f5 Ke5 62. f6 Rf4 63. f7 Rxf7 0-1

[Event "*** Titled Tuesday Blitz"]
[Site "Chess.com"]
[Date "2018.06.05"]
[Round "5"]
[White "PrinceMurad09"]
[Black "Buffy7"]
[Result "1-0"]
[WhiteElo "2428"]
[BlackElo "2695"]
[TimeControl "180+2"]
[EndTime "14:14:47 PDT"]
[Termination "PrinceMurad09 won by resignation"]

1. e4 c5 2. Nf3 d6 3. d4 cxd4 4. Nxd4 Nf6 5. Nc3 a6 6. Be3 e5 7. Nf3 Qc7 8. a4 b6 9. Be2 Nbd7 10. O-O Be7 11. Nh4 g6 12. f4 Bb7 13. Bf3 exf4 14. Bxf4 Ne5 15. Bg5 h6 16. Bxf6 Bxf6 17. Qe1 Qe7 18.
g3 Rc8 19. Ng2 O-O 20. Rd1 Nxf3+ 21. Rxf3 Bxc3 22. Rxc3 Rxc3 23. bxc3 Bxe4 24. Nf4 Re8 25. Qe3 Qc7 26. Nd5 Qd8 27. Qxb6 Qg5 28. Qe3 Qf5 29.
Nf4 Bc6 30. Qd3 Qg4 31. Rf1 Bxa4 32. Nd5 Re6 33. Nf6+ Rxf6 34. Rxf6 Bb5 35. Qd5 Bc4 36.
Qf3 Qd7 37. Qe3 Be6 38. Qxh6 Qa7+ 39. Rf2 a5 40. Qf4 a4 41. Qd4 Qa6 42. Rf4 a3 43.
Rh4 Kf8 44. Qf6 Ke8 45. Rh8+ Kd7 46. Qd8+ Kc6 47. Qa8+ Qxa8 48. Rxa8 a2 49. Kf2 Bd5 50. Ke3 Kd7 51. Ra3 Ke6 52. Kd4 Bg2 53. Rxa2 Kf5 54.
Ra5+ Kg4 55. Ra6 d5 56. Rf6 Kh3 57. Rxf7 Kxh2 58. Rg7 Be4 59. g4 Kg3 60. c4 Kxg4 61.
cxd5 Bxc2 62. d6 Bf5 63. d7 Bxd7 64. Rxd7 1-0

[Event "*** Titled Tuesday Blitz"]
[Site "Chess.com"]
[Date "2018.06.05"]
[Round "5"]
[White "W_Amadeus"]
[Black "SergeiAza"]
[Result "1/2-1/2"]
[WhiteElo "2519"]
[BlackElo "2625"]
[TimeControl "180+2"]
[EndTime "14:14:51 PDT"]
[Termination "Game drawn by repetition"]

1. d4 Nf6 2. c4 e6 3. Nf3 d5 4.
Nc3 Be7 5. Bf4 O-O 6. e3 b6 7. Bd3 Bb7 8. O-O c5 9. dxc5 bxc5 10. cxd5 exd5 11. Re1 Nbd7 12. Rc1 h6 13. Ne5 Nxe5 14. Bxe5 Nd7 15. Bg3 Qb6 16. Qf3 Nf6 17. Qf5 Rad8 18. Be5 Qe6 19. Qxe6 fxe6 20. h3 Nd7 21. Bg3 c4 22.
Bb1 Nc5 23. Red1 Bc6 24. Rd2 Bf6 25. Ne2 Bb5 26. Nd4 Ba6 27. b3 Bxd4 28. exd4 Nd3 29. Rc3 Rc8 30. bxc4 dxc4 31. f3 Bb5 32. Kf1 Nb4 33.
Be4 Nd5 34. Bxd5 exd5 35. Ke1 Bd7 36. Rb2 Bf5 37. Kd2 Rfe8 38. Rb7 a5 39. Bd6 Rc6 40. Bf4 Rce6 41. Be5 R8e7 42. Rxe7 Rxe7 43. g4 Bd3 44. Rc1 Rb7 45. Kc3 Kf7 46. f4 g6 47. h4 Rb4 48. g5 h5 49. Re1 Ra4 50. Bd6 Rxa2 51. Re7+ Kg8 52. Re8+ Kf7 53. Re7+ Kg8 54. Re8+ Kf7 55. Re7+ 1/2-1/2

[Event "*** Titled Tuesday Blitz"]
[Site "Chess.com"]
[Date "2018.06.05"]
[Round "5"]
[White "matiss90"]
[Black "grzechu96"]
[Result "0-1"]
[WhiteElo "2367"]
[BlackElo "2493"]
[TimeControl "180+2"]
[EndTime "14:14:55 PDT"]
[Termination "grzechu96 won by checkmate"]

1. e4 c5 2. Nf3 d6 3. d4 cxd4 4.
Nxd4 Nf6 5. Nc3 a6 6. Bc4 e6 7.
Bb3 b5 8. O-O Be7 9. a3 O-O 10.
f4 Bb7 11. g3 Nxe4 12. Nxe4 Bxe4 13. f5 e5 14. Qg4 Bb7 15. Bh6 Bf6 16. Bxg7 h5 17.
Qg6 d5 18. Qxf6 Qxf6 19. Bxf6 Nd7 20. Bxe5 Nxe5 21. f6 h4 22. gxh4 Kh7 23. c3 Rg8+ 24.
Kf2 Ng4+ 25. Ke2 Rae8+ 26. Kd2 Nxh2 27. Bc2+ Kh8 28. Rf2 Ng4 29. Rf5 Nh6 30. Rf2 Ng4 31. Re2 Nxf6 32. Rxe8 Nxe8 33. Rf1 Nd6 34. b3 Rg2+ 35. Kc1 Kg7 36. h5 Rh2 37. Rg1+ Kf8 38. Rg5 Ne4 39. Bxe4 dxe4 40. Nf5 Bc6 41. h6 Bd7 42. Nd6 e3 43. Re5 Rxh6 44. Nb7 Rh3 45. Nc5 Bc8 46. Kd1 f6 47. Rd5 Kf7 48. Ke1 Bg4 49.
Kf1 e2+ 50. Kf2 Rh2+ 51. Ke3 e1=Q+ 52. Kf4 Rf2+ 53. Kxg4 Qg1+ 54. Kh5 Rh2# 0-1

[Event "*** Titled Tuesday Blitz"]
[Site "Chess.com"]
[Date "2018.06.05"]
[Round "5"]
[White "vugarrasulov"]
[Black "gkchesstiger"]
[Result "1-0"]
[WhiteElo "2743"]
[BlackElo "2788"]
[TimeControl "180+2"]
[EndTime "14:15:02 PDT"]
[Termination "vugarrasulov won by resignation"]

1. e4 c5 2. Nf3 e6 3. d4 cxd4 4. Nxd4 a6 5. Nd2 d6 6. Bd3 Nf6 7. O-O b6 8. a4 Bb7 9. Qe2 Nbd7 10. Nc4 Be7 11. b3 Nc5 12. f3 d5 13. exd5 Nxd5 14.
Bb2 Nf4 15. Qe3 Ncxd3 16. cxd3 Nd5 17. Qf2 O-O 18. f4 Bf6 19. f5 Nb4 20. Rad1 e5 21.
Ba3 exd4 22. Bxb4 Re8 23. Nd6 Bd5 24. Nxe8 Qxe8 25. Rfe1 Qd7 26. a5 bxa5 27. Bxa5 h5 28. Bb6 Bb7 29. Rc1 Qd6 30. Bc7 Qd5 31. b4 h4 32. Rc5 Qb3 33. Be5 Qxb4 34. Rc7 Re8 35. Bg3 Rxe1+ 36. Qxe1 Qxe1+ 37. Bxe1 Bd5 38. Ra7 Bb3 39.
Rxa6 Bc2 40. Ra3 Kh7 41. Kf2 Bd1 42. Ra1 Bg4 43. Ra5 Bg5 44. h3 Bd1 45. Kf1 Bf6 46. Bf2 Kh6 47. Rd5 Bb3 48. Rd7 Ba4 49. Rd6 Kg5 50.
Bxd4 Be7 51. Rb6 f6 52. Rb7 Bf8 53. Rf7 Bd6 54. Rxg7+ Kxf5 55. Rg4 Bb5 56. Ke2 Bg3 57. Be3 Bc6 58. Bf2 Bxg2 59. Bxg3 hxg3 60. Rxg3 Bd5 61. h4 Bf7 62. Ke3 Ke5 63. d4+ Kd5 64. Rg7 Bh5 65.
Rh7 Bd1 66. h5 f5 67. h6 f4+ 68. Kxf4 1-0

[Event "*** Titled Tuesday Blitz"]
[Site "Chess.com"]
[Date "2018.06.05"]
[Round "5"]
[White "Gareth-Bale11"]
[Black "Maitreia"]
[Result "1-0"]
[WhiteElo "2449"]
[BlackElo "2555"]
[TimeControl "180+2"]
[EndTime "14:15:03 PDT"]
[Termination "Gareth-Bale11 won by resignation"]

1. d4 Nf6 2. Nf3 g6 3. c4 Bg7 4. g3 O-O 5. Bg2 d6 6. O-O Nc6 7. Nc3 Rb8 8. Bd2 a6 9. Rc1 Bd7 10. Qc2 e5 11. dxe5 dxe5 12. Rfd1 Nd4 13. Qb1 Bf5 14. e4 Bg4 15. Nxe5 Bxd1 16. Rxd1 Qe7 17.
Nd3 Rbd8 18. Nd5 Nxd5 19. cxd5 c6 20. Bb4 Qc7 21. Bxf8 Kxf8 22. Nf4 Kg8 23. Qd3 Qb6 24. b3 h5 25. h4 Be5 26. Qc4 Qb5 27. Rxd4 Bxd4 28.
Qxd4 Qa5 29. g4 Qa3 30. Qf6 Rd6 31. Qe7 Qc1+ 32. Bf1 Qxf4 33. gxh5 Rf6 34. Qc5 cxd5 35. exd5 Qg4+ 36. Bg2 Qxh5 37. Qd4 Rd6 38. Qf4 Rd7 39.
Qe3 Kg7 40. Qd4+ Kh7 41. Qf4 Qd1+ 42. Kh2 Qd3 43. Bf3 Qf5 44. Qe3 Qf6 45. Kg3 Kg7 46.
Bg4 Re7 47. Qf4 Qe5 48. d6 Qxf4+ 49. Kxf4 Re8 50. d7 Rd8 51. Ke5 f5 52. Ke6 fxg4 53. Ke7 Ra8 54. d8=Q Rxd8 55. Kxd8 Kf6 56. Ke8 b5 57.
Kf8 b4 58. Kg8 Kf5 59. Kg7 Kf4 60. Kxg6 Kf3 61. Kg5 g3 62. fxg3 Ke3 63. h5 Kd3 64. h6 Kc3 1-0

[Event "*** Titled Tuesday Blitz"]
[Site "Chess.com"]
[Date "2018.06.05"]
[Round "5"]
[White "maximlavrov"]
[Black "korason34"]
[Result "1-0"]
[WhiteElo "2472"]
[BlackElo "2469"]
[TimeControl "180+2"]
[EndTime "14:15:05 PDT"]
[Termination "maximlavrov won by resignation"]

1. g3 Nf6 2. Nf3 b5 3. Bg2 Bb7 4. O-O e6 5. d3 Be7 6. e4 O-O 7.
Nbd2 c5 8. e5 Nd5 9. Re1 Nc6 10. h4 d6 11. exd6 Bxd6 12. a4 a6 13.
h5 h6 14. c3 Be7 15. Ne4 Nf6 16. Nxf6+ Bxf6 17. Be3 Qe7 18. Nd2 Bg5 19. f4 Bf6 20. Ne4 Rfd8 21. Nxc5 Na5 22. Nxb7 Nxb7 23. axb5 axb5 24.
Rxa8 Rxa8 25. Qf3 Rb8 26. Ra1 Nd6 27. g4 Qd8 28. Ra8 Rxa8 29. Qxa8 Qxa8 30. Bxa8 Kf8 31. Bc6 Be7 32. Kf2 f5 33. Kf3 fxg4+ 34. Kxg4 Kf7 35.
Bc5 Kf6 36. Bd4+ Kf7 37. Be5 g6 38. hxg6+ Kxg6 39. b3 h5+ 40. Kf3 Kf5 41. c4 bxc4 42.
dxc4 Kg6 43. c5 Nf7 44. Bd4 Nd8 45. Be4+ Kf7 46. c6 Bd6 47. Be5 Ke7 48. c7 Bxc7 49. Bxc7 Nf7 50. b4 Kd7 51. Be5 h4 52. Bd4 h3 53.
Kg3 Nd6 54. Bd3 Kc6 55. Kxh3 Kd5 56. Bf2 Ne8 57. Kg4 Nf6+ 58. Kg5 Nd7 59. b5 e5 60. f5 e4 61. Be2 Ke5 62. Bg3+ Kd4 63. f6 e3 64. f7 Kc3 65. Bg4 Nf8 66. b6 Kd2 67. b7 e2 68. Bxe2 Kxe2 69. b8=Q 1-0

[Event "*** Titled Tuesday Blitz"]
[Site "Chess.com"]
[Date "2018.06.05"]
[Round "5"]
[White "olksuna"]
[Black "Bryakin_Mikhail"]
[Result "0-1"]
[WhiteElo "2400"]
[BlackElo "2646"]
[TimeControl "180+2"]
[EndTime "14:15:08 PDT"]
[Termination "Bryakin_Mikhail won by resignation"]

1. e4 c6 2. Ne2 d5 3. e5 c5 4. d4 Nc6 5. c3 Qb6 6. dxc5 Qxc5 7. Be3 Qa5 8. b4 Qd8 9. f4 Bg4 10. h3 Bxe2 11. Bxe2 e6 12. O-O Nge7 13. Bd3 g6 14. Nd2 Nf5 15. Bxf5 gxf5 16. Qh5 d4 17. cxd4 Bxb4 18.
Nf3 Be7 19. d5 Qxd5 20. Rad1 Qxa2 21. Ng5 Bxg5 22. Qxg5 Qa3 23. Bf2 Qe7 24. Qg7 Qf8 25. Qf6 Rg8 26. Bh4 Rg6 27. Rd6 Rxf6 28. Bxf6 Ne7 29.
Rb1 Rb8 30. Rc1 Nd5 31. Bh4 f6 32. Rxe6+ Kd7 33. Rd6+ Qxd6 34. exd6 Kxd6 35. Bf2 b6 36. Kf1 Re8 37. g4 Ne3+ 38. Kg1 Re4 39. Rc3 Nd5 40. Rc8 fxg4 41. f5 gxh3 42. Bg3+ Kd7 43. Ra8 a5 44. Ra7+ Kc6 45. Rxh7 a4 46. Ra7 b5 47.
Kf2 Kc5 48. Kf3 Re3+ 49. Kg4 Rd3 50. Bf2+ Kb4 51. Be1+ Kb3 52. Bg3 b4 53. Kxh3 a3 54. Kg4 a2 55. Be1 Nc3 56. Bh4 Nd5 57. Kh5 Rd1 58. Kg6 a1=Q 0-1

[Event "*** Titled Tuesday Blitz"]
[Site "Chess.com"]
[Date "2018.06.05"]
[Round "5"]
[White "CarlssonLudvig"]
[Black "julinha97"]
[Result "0-1"]
[WhiteElo "2076"]
[BlackElo "2209"]
[TimeControl "180+2"]
[EndTime "14:15:08 PDT"]
[Termination "julinha97 won by resignation"]

1. e4 c5 2. Nf3 d6 3. Bb5+ Nd7 4. O-O Nf6 5. Re1 a6 6. Bf1 b6 7. c3 Bb7 8. d3 g6 9. h3 Bg7 10. Bf4 O-O 11. Qc1 Re8 12. Nbd2 e5 13. Bh2 b5 14. a4 Qc7 15. b4 Rac8 16. axb5 axb5 17. bxc5 Qxc5 18. Qb2 Qxc3 19. Qxb5 Bc6 20. Qb3 Qxb3 21.
Nxb3 Bb5 22. Rec1 Nb6 23. Bg3 Ba4 24. Nbd2 Nfd7 25. Ne1 Nc5 26. f3 Bh6 27. Ra2 Nb3 28. Rxc8 Rxc8 29. Nxb3 Bxb3 30. Rb2 Rc3 31. Bf2 Na4 32. Rb1 Bd2 33. d4 Bc4 34. dxe5 Bxf1 35. Kxf1 dxe5 36. Ke2 Bh6 37. Rb4 Ra3 38. Nc2 Ra2 39.
Rc4 Kg7 40. Bc5 Nxc5 41. Rxc5 Bf4 42. Kd3 f6 43. Rc7+ Kh6 44. Rc3 Kg5 45. Ra3 Rxa3+ 46. Nxa3 Kh4 47. Ke2 Kg3 48. Kf1 f5 49. Nc4 fxe4 50.
fxe4 Kh2 51. Kf2 h5 52. Kf3 g5 53. g3 Bxg3 54. Ne3 Bf4 55. Nf5 Kxh3 56. Ng7 g4+ 57. Kf2 Kh2 58. Nxh5 g3+ 59. Nxg3 Bxg3+ 60. Kf3 Bf4 61. Ke2 Kg3 62. Kd3 Kf3 63. Kc3 Kxe4 64. Kc2 Kf3 65. Kd1 Kf2 0-1

[Event "*** Titled Tuesday Blitz"]
[Site "Chess.com"]
[Date "2018.06.05"]
[Round "5"]
[White "ViktorMatviishen"]
[Black "AlexanderKing"]
[Result "0-1"]
[WhiteElo "2465"]
[BlackElo "2469"]
[TimeControl "180+2"]
[EndTime "14:15:10 PDT"]
[Termination "AlexanderKing won by checkmate"]

1. d4 d5 2. c4 e6 3. Nf3 Nf6 4. g3 c5 5. cxd5 exd5 6. Bg2 Nc6 7. O-O Be7 8. Nc3 O-O 9. Bg5 Be6 10. dxc5 Bxc5 11.
Rc1 Be7 12. Nb5 Qb6 13. Nbd4 Nxd4 14. Qxd4 Rfc8 15. Qxb6 axb6 16. a3 h6 17. Be3 b5 18.
Nd4 b4 19. axb4 Bxb4 20. Nb5 Rxc1 21. Rxc1 Ra2 22. Bd4 Ne8 23. Nc3 Bxc3 24. bxc3 Rxe2 25. Rb1 Nd6 26. Bf3 Ra2 27. h4 Nf5 28. Be5 f6 29. Bc7 Ra3 30. Rc1 d4 31. g4 Nxh4 32. Bxb7 Rxc3 33.
Rxc3 dxc3 34. f3 Ng6 35. Ba5 c2 36. Bd2 Ne7 37. Kf2 Bd5 38. Ba6 Kf7 39. Ke3 Bb3 40. Kd4 Bd5 41. Bd3 Bxf3 42. Bxc2 Bxg4 43. Kc5 Be6 44. Kd6 Nf5+ 45. Kc7 g5 46. Kd8 h5 47.
Ba4 h4 48. Be8+ Kg7 49. Bc6 g4 50. Kc7 h3 51. Bf4 g3 52. Bf3 g2 53. Bh2 Nd4 54.
Bd1 Bc4 55. Kd6 Be2 56. Ba4 Nf3 57. Bf4 g1=Q 58. Ke7 Qa7+ 59. Ke6 Bc4+ 60. Kf5 Qd7+ 61. Ke4 Qd3# 0-1

[Event "*** Titled Tuesday Blitz"]
[Site "Chess.com"]
[Date "2018.06.05"]
[Round "5"]
[White "TomPolgar"]
[Black "Triumphmate"]
[Result "1-0"]
[WhiteElo "2280"]
[BlackElo "2149"]
[TimeControl "180+2"]
[EndTime "14:15:11 PDT"]
[Termination "TomPolgar won by resignation"]

1. e4 d5 2. exd5 Nf6 3. d4 Bg4 4. f3 Bf5 5. Bb5+ c6 6. dxc6 Nxc6 7.
Ne2 e6 8. O-O Bd6 9. Na3 O-O 10.
Nc4 Bc7 11. c3 Nd5 12. Bxc6 bxc6 13. Ne5 Bxe5 14. dxe5 Qb6+ 15. Qd4 c5 16. Qc4 Rad8 17. Ng3 Bg6 18. Bg5 f6 19. exf6 gxf6 20. Bh6 Rf7 21.
Rfe1 e5 22. Ne4 Kh8 23. Qxc5 Qxb2 24. Rad1 Bxe4 25. fxe4 Rg8 26. Rd2 Qxc3 27. Qxd5 Rc7 28. Qd6 Rc6 29. Qd3 Qc5+ 30. Qe3 Qe7 31. Rf2 Rg6 32.
Rb1 Qc7 33. Qd2 Rd6 34. Qe3 Rc6 35. Rd1 f5 36. exf5 Rxh6 37. Qg5 Rcd6 38. Rfd2 Rhf6 39. Rxd6 Rxd6 40. Rxd6 Qxd6 41. f6 Qd4+ 42. Kf1 Qd1+ 43. Kf2 Qc2+ 44. Kf3 Qd3+ 45. Kg4 Qe4+ 46. Kh5 Qe2+ 47.
Kh4 Qe4+ 48. Kh3 Qd3+ 49. g3 Qf1+ 50. Kh4 Qc4+ 51. g4 Qf7 52. Qxe5 h6 53. Qe7 Kg8 54. Qxf7+ Kxf7 55. Kh5 Kxf6 56. Kxh6 Kf7 57. Kh7 Kf6 58. h4 1-0

[Event "*** Titled Tuesday Blitz"]
[Site "Chess.com"]
[Date "2018.06.05"]
[Round "5"]
[White "Matibar"]
[Black "TigranLPetrosyan"]
[Result "1-0"]
[WhiteElo "2726"]
[BlackElo "2807"]
[TimeControl "180+2"]
[EndTime "14:15:13 PDT"]
[Termination "Matibar won by resignation"]

1. e4 g6 2. d4 Bg7 3. Nf3 d6 4. Bc4 Nf6 5. Qe2 O-O 6. h3 c6 7. Bb3 a5 8. a4 b6 9. e5 Nd5 10. O-O Ba6 11. c4 Nb4 12. Bg5 dxe5 13. dxe5 Qd3 14.
Qxd3 Nxd3 15. Bxe7 Re8 16. Bd6 Nd7 17. Nbd2 N7xe5 18. Nxe5 Nxe5 19. Bc7 Nd7 20. Rab1 Rac8 21. Bf4 Nc5 22.
Bc2 Rcd8 23. b3 Ne6 24. Be3 Bd4 25. Bh6 Bg7 26. Be3 Nd4 27. Bd1 c5 28. Nf3 Nc6 29.
Re1 Bc3 30. Re2 Bb7 31. Kf1 Nb4 32. Bg5 Rc8 33. Rxe8+ Rxe8 34. Be2 f6 35. Bh6 Rd8 36. Rd1 Rxd1+ 37. Bxd1 Kf7 38. Bf4 Na6 39. h4 Be4 40.
Ke2 Ke6 41. Ke3 Bb1 42. g4 Nb4 43. Bc7 Nc2+ 44. Ke2 Nd4+ 45. Nxd4+ cxd4 46. Bxb6 Ke5 47. Bc7+ Ke6 48. Bf4 h5 49. gxh5 gxh5 50. Bd2 Bxd2 51. Kxd2 Bg6 52. Bf3 Kd6 53. Be2 Kc5 54. Bd3 Bf7 55.
Bf5 Kb4 56. Kd3 Kxb3 57. c5 Be8 58. Kxd4 Bxa4 59. Bg6 Bc6 60. Bxh5 a4 61. Bf7+ Kb4 62. h5 a3 63. h6 Be8 64. Bg8 Bg6 65. c6 Bh7 66.
Ba2 1-0

[Event "*** Titled Tuesday Blitz"]
[Site "Chess.com"]
[Date "2018.06.05"]
[Round "5"]
[White "twitchTriniCupid"]
[Black "Jadeit90"]
[Result "0-1"]
[WhiteElo "2252"]
[BlackElo "2183"]
[TimeControl "180+2"]
[EndTime "14:15:17 PDT"]
[Termination "Jadeit90 won by resignation"]

1. d4 g6 2. Nf3 Bg7 3. c4 c5 4. d5 d6 5. Nc3 Nf6 6. Bf4 O-O 7.
Nd2 Na6 8. e4 e6 9. Be2 exd5 10.
exd5 Nc7 11. Bf3 Re8+ 12. Be3 g5 13. O-O g4 14. Be2 h5 15. Bd3 a6 16. Bg5 Qd7 17. Qc2 b5 18. Rae1 b4 19. Na4 Rb8 20. Rxe8+ Qxe8 21. b3 Bd7 22. Nb2 Qe5 23. Be3 Re8 24. g3 Nfxd5 25. cxd5 Qxb2 26. Qxb2 Bxb2 27. Nc4 Nxd5 28. Nxb2 Nxe3 29. fxe3 Rxe3 30. Bxa6 Bc6 31. Bd3 Re7 32. Rd1 Bf3 33. Rc1 Ra7 34. Bb1 Re7 35.
Bd3 Ra7 36. Na4 Bc6 37. Bc2 Re7 38. Kf2 Kg7 39. Rd1 Re6 40. Bd3 Rf6+ 41. Kg1 Bf3 42. Rf1 d5 43. Nxc5 Rc6 44. Na6 Rc3 45. Bb5 Rc2 46.
Rf2 Rc1+ 47. Bf1 d4 48. Nxb4 Be4 49. Rd2 f5 50. Rxd4 Kg6 51. Rd2 Kg5 52. Kf2 h4 53. Nd3 Ra1 54. Nf4 h3 55. Bd3 Rh1 56. Ke3 Bg2 57.
Nxg2 Rxh2 58. Bf1 Rh1 59. Nf4 Rxf1 60. Rf2 Re1+ 61. Ne2 Ra1 62. Nc3 Re1+ 63. Kd2 Rh1 64. Nd1 h2 65. a4 Rxd1+ 66. Kxd1 h1=Q+ 67. Kd2 Qg1 68. Re2 Qxg3 0-1

[Event "*** Titled Tuesday Blitz"]
[Site "Chess.com"]
[Date "2018.06.05"]
[Round "5"]
[White "Zufi1811"]
[Black "pedromartinez91"]
[Result "1-0"]
[WhiteElo "2469"]
[BlackElo "2298"]
[TimeControl "180+2"]
[EndTime "14:15:20 PDT"]
[Termination "Zufi1811 won by checkmate"]

1. d4 Nf6 2. Nf3 g6 3. e3 Bg7 4.
c4 O-O 5. Be2 c5 6. d5 e6 7. Nc3 exd5 8. cxd5 d6 9. O-O a6 10.
a4 Qe7 11. Nd2 Nbd7 12. Nc4 Ne8 13. Qc2 f5 14. b3 Ne5 15. Bb2 g5 16. Nxe5 Bxe5 17.
f4 Bg7 18. Qd2 Bd7 19. Bd3 Nf6 20. Rae1 Ne4 21. Bxe4 fxe4 22. fxg5 Bf5 23. Ne2 Qxg5 24. Bxg7 Qxg7 25. Nf4 Rae8 26. Rf2 Bd7 27. Qa5 Rc8 28.
Ref1 Qe5 29. Qb6 Bg4 30. Qxb7 Rb8 31. Qxa6 Rxb3 32. h3 Bc8 33. Qe2 Qc3 34. Qh5 Qxe3 35. Kh1 Rb1 36. Qg5+ Kh8 37. Ng6+ Kg7 38. Qxe3 Rxf1+ 39. Rxf1 Rxf1+ 40. Kh2 hxg6 41. Qxe4 Rf7 42. Qc4 Ra7 43.
Qb5 Bd7 44. Qb6 Rxa4 45. Qxd6 Be8 46. Qxc5 Kf7 47. Qc7+ Kf6 48. d6 Re4 49. d7 Bxd7 50. Qxd7 Re7 51. Qd6+ Re6 52. Qf8+ Kg5 53. Kg3 Re3+ 54.
Kf2 Re6 55. Qd8+ Kh5 56. g4+ Kh6 57. Qh8+ Kg5 58. Kf3 Re3+ 59. Kf2 Re2+ 60. Kxe2 Kf4 61. Qf6+ Kg3 62. Qxg6 Kg2 63. Qf5 Kg1 64. g5 Kh1 65.
g6 Kh2 66. g7 Kh1 67. g8=Q Kh2 68. Qf2+ Kh1 69. Qgg1# 1-0

[Event "*** Titled Tuesday Blitz"]
[Site "Chess.com"]
[Date "2018.06.05"]
[Round "5"]
[White "LornerAcosta"]
[Black "murmah2003"]
[Result "0-1"]
[WhiteElo "2302"]
[BlackElo "2490"]
[TimeControl "180+2"]
[EndTime "14:15:25 PDT"]
[Termination "murmah2003 won on time"]

1. d4 g6 2. Nf3 Bg7 3. c3 d6 4. Bg5 Nf6 5. Nbd2 c5 6. e3 Nc6 7. Be2 O-O 8. O-O Qc7 9. dxc5 dxc5 10. Qc2 Bf5 11. e4 Be6 12. Rfd1 Rfd8 13. Bh4 b6 14. Bg3 Qb7 15. Bc4 Bxc4 16. Nxc4 b5 17. Ne3 Rxd1+ 18. Rxd1 Rd8 19. e5 Rxd1+ 20. Qxd1 Nd7 21. e6 fxe6 22.
Ng5 Nd8 23. h4 Bf6 24. Nf3 Qc6 25. Qb3 Nb7 26. Qd1 Nd6 27. h5 Nf5 28. hxg6 hxg6 29. Bf4 e5 30. Nxf5 gxf5 31. Bg5 e4 32. Bxf6 Nxf6 33. Nh4 Qe6 34. Qd2 Kf7 35. Qg5 Qxa2 36. Qg6+ Ke6 37. Qxf5+ Kd6 38. Ng6 Qd5 39. Qf4+ Kd7 40.
Ne5+ Ke6 41. Ng6 Qd1+ 42. Kh2 Qh5+ 43. Nh4 a5 44. Kg3 a4 45. f3 exf3 46. gxf3 Qd5 47.
Ng6 Nh5+ 48. Kf2 Nxf4 49. Nxf4+ Kd6 50. Nxd5 Kxd5 51. Ke3 Kc4 52. Kd2 Kb3 53. Kc1 e5 54. Kb1 a3 55. bxa3 Kxc3 56. f4 exf4 57. a4 f3 0-1

[Event "*** Titled Tuesday Blitz"]
[Site "Chess.com"]
[Date "2018.06.05"]
[Round "5"]
[White "comedy_of_errors"]
[Black "kungmongmanh"]
[Result "1-0"]
[WhiteElo "2588"]
[BlackElo "2419"]
[TimeControl "180+2"]
[EndTime "14:15:27 PDT"]
[Termination "comedy_of_errors won by checkmate"]

1. Nf3 Nf6 2. g3 g6 3. b3 Bg7 4. Bb2 O-O 5. Bg2 d6 6. d4 Nbd7 7. O-O c5 8. c4 a6 9. Nc3 Rb8 10. a4 Qa5 11. Qd2 Qb6 12. Ra3 Qc7 13. a5 b6 14.
axb6 Qxb6 15. d5 Qb4 16. Qc2 Ng4 17. Nd2 Qb7 18. h3 Ngf6 19. Rfa1 Qc7 20. e4 Ne8 21. Kh2 f5 22. f4 fxe4 23. Ndxe4 Ndf6 24. Ng5 Bf5 25. Qe2 Qb7 26. Ne6 Bxe6 27. Qxe6+ Rf7 28. Qe2 Nc7 29. Nb1 Nfe8 30. Bxg7 Nxg7 31. Nd2 Nf5 32.
Qd3 Nd4 33. Re1 Qb4 34. Rea1 Qb7 35. Bf3 Qc8 36. Bg4 Qe8 37. Nf3 Nxf3+ 38. Qxf3 Rf6 39.
Qe3 Rb6 40. Re1 Kf8 41. Bd1 Qb8 42. Bc2 Qd8 43. Re2 Rf7 44. Ra1 Ne8 45. Rae1 Nf6 46. g4 Ne8 47. f5 gxf5 48. Bxf5 Nf6 49. Rf2 Qb8 50. Bc2 Rb7 51. g5 Ng8 52. Rxf7+ Kxf7 53. Bxh7 Kg7 54. Bxg8 Qxg8 55. Qc3+ Kf8 56. h4 Qh7 57. Kg3 Ke8 58. Re3 Qb1 59. Kg4 Qd1+ 60. Rf3 Qg1+ 61.
Kh5 Qb1 62. Qh8+ Kd7 63. Rf8 Kc7 64. Rc8+ Kb6 65. Qd8+ Ka7 66. Ra8# 1-0

[Event "*** Titled Tuesday Blitz"]
[Site "Chess.com"]
[Date "2018.06.05"]
[Round "5"]
[White "Fianchettoed-Tower"]
[Black "ChainsOfFantasia"]
[Result "1-0"]
[WhiteElo "2332"]
[BlackElo "2400"]
[TimeControl "180+2"]
[EndTime "14:15:28 PDT"]
[Termination "Fianchettoed-Tower won by resignation"]

1. d4 Nf6 2. Bf4 e6 3. e3 d5 4. Nd2 c5 5. c3 Nc6 6. Ngf3 Bd6 7. Bg3 O-O 8. Bd3 c4 9. Bc2 b5 10. a3 a5 11. Ne5 Bb7 12. f4 a4 13. Qf3 Na5 14.
Bh4 Be7 15. Qh3 Ne4 16. Bxe7 Qxe7 17. g4 Nb3 18. Bxb3 axb3 19. Rd1 f6 20. Nef3 b4 21. axb4 Ra2 22. Rb1 e5 23. dxe5 fxe5 24. Nxe5 d4 25. Ndxc4 dxc3 26. O-O c2 27. Rbc1 Qxb4 28. g5 Nd2 29. Qe6+ Kh8 30. Nxd2 Raa8 31. Ndf3 Qe4 32. Qh3 Qxe3+ 33. Kg2 Kg8 34. Qe6+ Kh8 35. Ng6+ hxg6 36. Qxe3 Rae8 37. Qf2 Rxf4 38. Kg3 Ree4 39. h3 Rf5 40. Qb6 Bd5 41. h4 Re2 42. Qd8+ Kh7 43. h5 gxh5 44. Qd6 Re3 45. g6+ Kh6 46. Kh4 Rexf3 47. Rxf3 Bxf3 48. Rg1 Bg4 49. Qd2+ Kxg6 50. Qd3 Kf6 51. Qxb3 Kg6 52.
Qxc2 Kf6 53. b4 g5+ 54. Kg3 Rf3+ 55. Kg2 Re3 56. Rf1+ Ke5 57. Qc5+ Ke4 58. Qe7+ Kd3 59. Qxg5 Bh3+ 60. Kg1 Bxf1 61. Kxf1 Re4 62. b5 Rb4 63. Qd5+ Kc3 64. Qc6+ Kd2 65. b6 h4 66. Qd6+ Kc3 67. Qxb4+ Kxb4 68. b7 Kc4 69. b8=Q 1-0

[Event "*** Titled Tuesday Blitz"]
[Site "Chess.com"]
[Date "2018.06.05"]
[Round "5"]
[White "Zhuu96"]
[Black "VerdeNotte"]
[Result "1-0"]
[WhiteElo "2924"]
[BlackElo "2633"]
[TimeControl "180+2"]
[EndTime "14:15:30 PDT"]
[Termination "Zhuu96 won by resignation"]

1. e4 c5 2. Nf3 d6 3. d4 cxd4 4.
Nxd4 Nf6 5. Nc3 g6 6. Be3 Bg7 7. f3 Nc6 8. Bc4 Bd7 9. Qd2 O-O 10. O-O-O Rc8 11. Bb3 Nxd4 12. Bxd4 b5 13. h4 a5 14. a3 b4 15. axb4 axb4 16. Na2 Qa5 17. Qxb4 Qa6 18.
Kb1 Be6 19. Bxe6 fxe6 20. Qb3 Rc4 21. Nb4 Qb5 22. c3 Rfc8 23. Qa2 Nd7 24. Bxg7 Kxg7 25.
h5 gxh5 26. Qa7 Kf7 27. Rd2 Nf6 28. Rxd6 Rxb4 29. cxb4 Qe2 30. Rdd1 Qxg2 31. Qa3 h4 32. Qd3 h3 33. e5 Nd5 34. Qxh7+ Ke8 35. Rxh3 Rc4 36. Qh5+ Kd8 37. Rh2 Qg3 38. Rc2 Rxc2 39.
Kxc2 Qf2+ 40. Kb1 Qe2 41. Qh1 Qxe5 42. Qe1 Qd6 43. Qe4 Nc3+ 44. bxc3 Qxd1+ 45. Kb2 Qd2+ 46. Kb3 Qd1+ 47. Kc4 Ke8 48. b5 Qa4+ 49. Kc5 Qa3+ 50. Qb4 Qc1 51. b6 Qe3+ 52. Qd4 Qxf3 53. c4 Qb7 54. Kb5 e5 55. Qxe5 Qd7+ 56. Kb4 Qd2+ 57. Qc3 Qf4 58. Qh3 Kd8 59. Kb5 Qe5+ 60. c5 Qb2+ 61.
Ka6 Qa2+ 62. Kb7 Qd5+ 63. c6 Ke8 64. Qd7+ Qxd7+ 65. cxd7+ Kxd7 66. Ka7 e5 67. b7 e4 1-0

[Event "*** Titled Tuesday Blitz"]
[Site "Chess.com"]
[Date "2018.06.05"]
[Round "5"]
[White "NMJeevanK"]
[Black "NormWeinstein"]
[Result "0-1"]
[WhiteElo "2312"]
[BlackElo "2380"]
[TimeControl "180+2"]
[EndTime "14:15:32 PDT"]
[Termination "NormWeinstein won by resignation"]

1. e4 c5 2. Nf3 d6 3. Bb5+ Bd7 4.
Bxd7+ Nxd7 5. d4 cxd4 6. Qxd4 Ngf6 7. c4 e6 8. Nc3 Be7 9. O-O O-O 10. a4 a6 11. Rb1 Qc7 12. b3 Rad8 13. Rd1 Rfe8 14. Ba3 Ne5 15. Ne1 h6 16. f4 Ng6 17. g3 e5 18. Qf2 exf4 19. gxf4 d5 20. Bxe7 Rxe7 21.
e5 Ne4 22. Nxe4 dxe4 23. Qe3 Red7 24. Rxd7 Qxd7 25. Qxe4 Qg4+ 26. Qg2 Qxf4 27. e6 Qe3+ 28. Kh1 Qxe6 29. Nf3 Nf4 30. Qg3 Qf5 31. Re1 Rd3 32. Re5 Qf6 33. Re8+ Kh7 34. Re4 g5 35.
Qg4 Rd1+ 36. Ne1 Rd6 37. Qf3 Re6 38. Qe3 Rxe4 39. Qxe4+ Qg6 40. Qxb7 Qf5 41. Nf3 Qb1+ 42. Ng1 Qd3 43. Qf3 Qd4 44. h3 f5 45. Kh2 Qd2+ 46. Kh1 Kg6 47. h4 Qe1 48. hxg5 Qh4+ 49. Nh3 Nxh3 50.
Qc6+ Kxg5 51. Kg2 Nf4+ 52. Kf1 Qh3+ 53. Ke1 Qd3 54. Kf2 Qe2+ 55. Kg1 Qe1+ 56. Kh2 Qf2+ 57.
Kh1 Kg4 58. Qb7 Ng6 59. Qc6 Qf1+ 60. Kh2 Qf2+ 61. Qg2+ Qxg2+ 62. Kxg2 Kf4 63. c5 Ke5 64. b4 Kd5 65. Kf3 a5 66. bxa5 Kxc5 67. Kg3 h5 68.
Kf3 h4 69. Kg2 f4 70. Kf3 Kc6 71. Kg4 Kb7 72. Kf5 f3 73. Kxg6 0-1